Map: Odyssey LE

Players

Juxtapose - Winner!

  • Race: Terran Terran
  • League: Silver
  • Spawn Location: 5:00

BigPack

  • Race: Zerg Zerg
  • League: Silver
  • Spawn Location: 11:00

VOD

https://youtu.be/GkvropDKPMs

Description

This was an interesting match, and had I done my initial attack about 30 seconds earlier, I likely would have been able to close out the game then and there.

I ultimately had a good bit of trouble with my opponent's Hydralisks, so the next time I face Zerg as Terran I think I am going to try a more Mech focused army. I want to give Hellions with Siege Tanks a whirl, but more importantly a few supporting Ravens. Not only will they let me easily wipe out Creep spread, but I think Point Defence Drone will help a lot against those Hydralisks.

My opponent seemed like a really nice guy as well, and the ending of this match quite surprised me. BigPack, I'm not sure why you did what you did at the end, if it was intentional or in error, but either way thanks man.

Time

  • Played on: Aug. 5, 2017, 7:07 p.m.
  • Length: 14:48
Show
View Real Time Build Order
Export as new Build Order

Juxtapose Terran - Winner!

Build Orders:  

Get SALT Encoding   

  12  0:09  SCV  
  13  0:21  Supply Depot, SCV  
  14  0:33  SCV  
  15  0:45  Barracks, SCV  
  15  0:49  Supply Depot  
  16  0:57  SCV  
  17  1:07  Refinery  
  17  1:09  SCV  
  18  1:13  Refinery  
  18  1:21  SCV  
  19  1:33  SCV  
  20  1:46  Orbital Command  
  20  2:13  Barracks Reactor  
  20  2:14  Factory  
  20  2:18  SCV  
  21  2:24  Engineering Bay  
  21  2:30  SCV  
  21  2:33  Supply Depot  
  22  2:43  SCV  
  22  2:55  SCV  
  23  2:59  Supply Depot  
  23  3:00  Factory Tech Lab  
  23  3:02  Marine x2  
  25  3:15  Barracks  
  25  3:18  Missile Turret  
  25  3:26  Supply Depot, Marine x2  
  27  3:28  Siege Tank  
  30  3:40  Starport  
  30  3:49  Marine x2  
  30  3:55  Supply Depot  
  32  4:01  Siege Tank  
  35  4:03  Liberator  
  35  4:04  Barracks Tech Lab  
  35  4:07  Marine x2  
  40  4:24  Marine x2  
  40  4:26  Marine  
  40  4:29  Stimpack  
  43  4:44  Marine  
  44  4:48  Command Center  
  44  4:53  Terran Infantry Weapons Level 1  
  44  5:00  Marine x2  
  44  5:02  Marine  
  47  5:17  Starport Reactor  
  47  5:19  Marine  
  47  5:21  Marine x2  
  49  5:24  Siege Tank  
  53  5:36  Supply Depot  
  53  5:37  Marine  
  53  5:39  Marine x2  
  56  5:55  Marine  
  57  6:13  Marine  
  57  6:18  Marine x2  
  57  6:31  Marine  
  58  6:36  Medivac x2, Marine x2  
  64  6:44  Orbital Command  
  64  6:47  Terran Infantry Armor Level 1, SCV  
  64  6:48  Marine  
  64  6:53  Marine  
  64  6:54  Marine  
  68  6:59  SCV  
  69  7:06  Medivac x2, Marine  
  74  7:11  Marine x2  
  76  7:35  Marine x2  
  76  7:36  Medivac  
  80  7:38  SCV  
  81  7:50  SCV  
  79  8:02  SCV  
  49  8:06  Liberator  
  49  8:10  Marine x3  
  49  8:12  Siege Tank  
  48  8:14  SCV  
  47  8:26  SCV  
  51  8:28  Marine x2  
  51  8:40  Marine  
  43  8:44  Siege Tank  
  43  8:46  Marine x2  
  45  8:58  Marine  
  43  9:03  Marine  
  43  9:04  Marine  
  36  9:16  Hellion, Marine  
  37  9:21  Marine x2  
  36  9:27  Orbital Command  
  36  9:28  SCV  
  36  9:34  Marine  
  36  9:38  Hellion  
  39  9:39  Marine x2  
  39  9:40  SCV  
  42  9:52  SCV  
  43  9:54  SCV  
  43  9:58  Marine x3  
  43  9:59  Hellion  
  49  10:04  SCV  
  49  10:06  SCV  
  51  10:18  SCV  
  51  10:21  Hellion  
  54  10:30  SCV  
  55  10:38  Liberator x2  
  55  10:41  Marine x3  
  55  10:42  Hellion, SCV  
  61  10:54  SCV  
  68  10:59  Marine  
  68  11:01  SCV  
  70  11:08  Supply Depot  
  70  11:29  Hellion, SCV x2  
  70  11:30  Supply Depot  
  74  11:41  SCV  
  75  11:48  Marine x3  
  75  11:52  Siege Tank  
  75  11:53  SCV  
  82  12:05  SCV  
  82  12:06  Marine  
  84  12:10  Marine x2  
  86  13:05  Marine x2, SCV  
  86  13:06  Siege Tank  
  86  13:08  Marine  
  86  13:25  Marine x3, SCV  
  56  13:38  Siege Tank  
  38  13:42  SCV  
  38  13:43  Marine x3  
  38  13:45  Refinery  
  38  13:46  Refinery  
  42  13:51  Medivac x2  
  42  13:54  SCV  
  47  14:01  Marine  
  48  14:11  Siege Tank  
  36  14:25  Marine x3  
Show
View Real Time Build Order
Export as new Build Order

BigPack Zerg 

Build Orders: Hatch First 

Get SALT Encoding   

  12  0:03  Drone  
  13  0:15  Drone  
  14  0:31  Overlord  
  14  0:50  Drone, Hatchery  
  15  0:57  Drone  
  15  0:59  Drone  
  16  1:07  Drone  
  17  1:30  Drone  
  17  1:31  Drone  
  19  1:42  Extractor  
  19  1:45  Spawning Pool  
  17  2:04  Drone  
  18  2:11  Drone x2  
  18  2:12  Drone  
  21  2:21  Extractor  
  20  2:34  Queen  
  20  2:35  Queen  
  24  2:38  Zergling x4  
  26  3:01  Drone x2  
  28  3:21  Overlord  
  28  3:22  Overlord x5  
  28  3:40  Metabolic Boost  
  28  3:57  Extractor  
  27  4:14  Zergling x4  
  27  4:15  Drone x2, Zergling x2  
  27  4:16  Drone x5  
  37  4:30  Drone x3  
  37  4:31  Zergling x6  
  42  4:37  Spine Crawler  
  42  4:39  Spine Crawler  
  41  4:47  Drone x3  
  44  5:07  Extractor  
  43  5:16  Spine Crawler  
  43  5:21  Spore Crawler  
  41  5:23  Lair  
  41  5:28  Evolution Chamber  
  40  5:41  Queen  
  41  6:04  Spore Crawler  
  40  6:08  Spore Crawler  
  39  6:31  Spore Crawler  
  38  6:59  Hatchery, Baneling Nest  
  38  7:00  Zerg Ground Armor Level 1  
  36  7:20  Zergling x20  
  36  7:21  Zergling x24  
  55  7:42  Baneling x2  
  55  7:43  Baneling x3  
  55  7:44  Baneling x11  
  37  8:24  Hatchery  
  24  9:20  Drone  
  24  9:21  Drone x9  
  30  9:33  Queen  
  30  9:36  Queen  
  34  9:43  Hydralisk Den  
  33  9:52  Spore Crawler  
  32  9:56  Spore Crawler  
  32  9:59  Zergling x2  
  34  10:00  Zergling x10  
  37  10:26  Drone  
  37  10:27  Drone x7  
  45  10:51  Muscular Augments  
  45  10:57  Hydralisk  
  45  10:58  Hydralisk x5  
  57  11:48  Hydralisk x8  
  72  12:08  Overlord x5  
  72  12:26  Spore Crawler  
  72  12:28  Spore Crawler  
  70  12:41  Hydralisk x2  
  70  12:42  Hydralisk x8  
  92  12:45  Zergling x2  
  93  12:56  Spine Crawler  
  85  13:14  Zergling x2  
  85  13:15  Zergling x10  
  76  13:48  Hydralisk x6  
  88  14:06  Hatchery  
Tags
 
Matchup
TvZ
Spawn Locations
Cross Positions
Add a new tag
Caveats
  • Supply blocks, unpowered buildings, or Contaminate may cause inaccurate times.
  • Supply counts are checked every 10 seconds.